 Dungeon Crawl Stone Soup version 0.26-a0-950-g52035dc9a5 (webtiles) character file.

Game seed: 12351934179735601158

788 PentaManta the Grappler (level 7, 0/57 HPs)
             Began as a Ghoul Monk on Nov 29, 2020.
             Was a Believer of Makhleb.
             Slain by an ogre
             ... wielding a +0 giant spiked club
              (14 damage)
             ... on level 5 of the Dungeon.
             The game lasted 00:09:33 (3996 turns).

PentaManta the Grappler (Ghoul Monk)                Turns: 3996, Time: 00:09:34

Health: 0/57       AC:  8    Str: 17    XL:     7   Next: 87%
Magic:  6/6        EV: 10    Int:  5    God:    Makhleb [**....]
Gold:   193        SH:  0    Dex: 11    Spells: 6/6 levels left

rFire    + . .     SeeInvis .     - Unarmed
rCold    + . .     Faith    .   (no shield)
rNeg     + + +     Spirit   .   o - +0 scale mail {rPois}
rPois    ∞         Reflect  .   c - +0 helmet
rElec    .         Harm     .   (no cloak)
rCorr    .         Rampage  .   (no gloves)
MR       .....                  k - +0 pair of boots
Stlth    ..........             (no amulet)
HPRegen  0.00/turn              v - ring of protection from fire
MPRegen  0.10/turn              (no ring)

@: no status effects
A: rotting body, claws 1, cold resistance 1, negative energy resistance 3,
inhibited regeneration, torment resistance, unbreathing
a: Minor Destruction, Renounce Religion


You were on level 5 of the Dungeon.
You worshipped Makhleb.
Makhleb was pleased with you.
You visited 2 branches of the dungeon, and saw 6 of its levels.

You collected 193 gold pieces.

Inventory:

Missiles
 b - 8 atropa-tipped darts (quivered)
Armour
 c - a +0 helmet (worn)
 e - a +0 pair of gloves
 h - a +0 tower shield
 k - a +0 pair of boots (worn)
 o - a +0 scale mail of poison resistance (worn)
Jewellery
 v - a ring of protection from fire (left claw)
Wands
 f - a wand of digging (4)
 m - a wand of acid (7)
 n - a wand of random effects (6)
Scrolls
 a - 2 scrolls of enchant weapon {unknown}
 d - 7 scrolls of identify {unknown}
 q - 2 scrolls of fear {unknown}
 s - a scroll of remove curse {unknown}
 t - a scroll of fog {unknown}
 u - 2 scrolls of teleportation {unknown}
 w - a scroll of noise {unknown}
 x - a scroll of amnesia {unknown}
Potions
 g - 2 potions of flight {unknown}
 i - a potion of heal wounds {unknown}
 j - 3 potions of lignification {unknown}
 l - 2 potions of might {unknown}
 p - a potion of degeneration {unknown}
 r - a potion of curing {unknown}


   Skills:
 - Level 3.2 Fighting
 - Level 2.6 Dodging
 - Level 2.1 Stealth
 - Level 2.2 Shields
 * Level 9.4 Unarmed Combat


You had 6 spell levels left.
You didn't know any spells.
Your spell library contained the following spells:

 Spells                   Type           Power        Failure   Level
 Animate Skeleton         Necr           #.....       89%         1
 Pain                     Necr           #...         89%         1
 Vampiric Draining        Necr           #.........   99%         3
 Animate Dead             Necr           #.........   100%        4
 Agony                    Necr           #.......     100%        5


Dungeon Overview and Level Annotations

Branches:
Dungeon (5/15)             Temple (1/1) D:4

Altars:
Ashenzari
Cheibriados
Dithmenos
Elyvilon
Fedhas
Gozag
Hepliaklqana
Kikubaaqudgha
Makhleb
Nemelex Xobeh
Okawaru
Ru
Trog
Uskayaw
Vehumet
Wu Jian
Xom
Yredelemnul
Zin
The Shining One

Shops:
D:5 [


Innate Abilities, Weirdness & Mutations

Your body is rotting away.
You thrive by killing the living.
You are immune to poison.
You have sharp fingernails.
Your flesh is cold resistant. (rC+)
You are immune to negative energy. (rN+++)
You do not regenerate when monsters are visible.
You are immune to unholy pain and torment.
You can survive without breathing.


Message History

You are too injured to fight recklessly!
You scratch the phantom.
The phantom is heavily damaged.
You barely miss the phantom.
The phantom is heavily damaged.
The phantom closely misses you.
You claw the phantom!
The phantom is almost destroyed.
The phantom hits you.
* * * LOW HITPOINT WARNING * * *
The phantom blinks!
The phantom blinks!
The phantom blinks!
The phantom blinks!
The phantom blinks!
There is a stone staircase leading down here.
Found 18 stones.
You open the door.
The ogre hits you with a +0 giant spiked club!
You die...

.........# .... .........#
##'######### .........#
#..........# #........#
#..........### ........#
#............#
........######..........#..
#.........>.###########
#..#####...#...######
#....O@'...+...'....#
##.#####...#...####.# #+#
#...#...# #.# ....#...# #.#
.....#...# #.# ......#...#
#.# ##### #)# #.# #.#


You could see an ogre.

Vanquished Creatures
  Duvessa (D:5)
  2 ogres
  Dowan (D:5)
  3 hounds
  A bullfrog zombie (D:5)
  A bullfrog skeleton (D:5)
  Jessica (D:3)
  Terence (D:3)
  5 worker ants
  4 adders
  A shadow imp (D:5)
  2 oozes
  An adder skeleton (D:4)
  5 worms
  3 dart slugs
  4 giant cockroaches
  6 goblins
  8 hobgoblins
  5 jackals
  4 kobolds
  3 quokkas
  A ball python (D:2)
  7 bats
  4 frilled lizards
  9 rats
83 creatures vanquished.

Notes
Turn   | Place    | Note
-------+----------+-------------------------------------------
     0 | D:1      | PentaManta the Ghoul Monk began the quest for the Orb.
     0 | D:1      | Reached XP level 1. HP: 19/19 MP: 0/0
     0 | D:1      | Noticed a gargoyle
     3 | D:1      | Noticed a merfolk zombie
    10 | D:1      | Noticed an ogre
    12 | D:1      | Noticed an ogre
    16 | D:1      | Noticed a vampire
    54 | D:1      | Reached XP level 2. HP: 18/26 MP: 1/1
   195 | D:1      | Reached skill level 4 in Unarmed Combat
   426 | D:1      | Reached XP level 3. HP: 29/31 MP: 2/2
   893 | D:2      | Reached skill level 5 in Unarmed Combat
  1169 | D:2      | Reached XP level 4. HP: 38/38 MP: 3/3
  1484 | D:2      | Reached skill level 1 in Shields
  1910 | D:3      | Found a broken altar of Ashenzari.
  1912 | D:3      | Found an opulent altar of Gozag.
  2023 | D:3      | Noticed Terence
  2046 | D:3      | Killed Terence
  2047 | D:3      | Reached XP level 5. HP: 23/45 MP: 4/4
  2196 | D:3      | Noticed an ogre
  2196 | D:3      | Noticed Jessica
  2233 | D:3      | Killed Jessica
  2234 | D:3      | Reached skill level 6 in Unarmed Combat
  2243 | D:3      | Killed an ogre
  2244 | D:3      | Reached XP level 6. HP: 11/51 MP: 5/5
  2788 | D:3      | Reached skill level 7 in Unarmed Combat
  3187 | D:4      | Found a shadowy altar of Dithmenos.
  3196 | D:4      | Reached XP level 7. HP: 57/57 MP: 6/6
  3240 | D:4      | Found a staircase to the Ecumenical Temple.
  3245 | D:4      | Reached skill level 8 in Unarmed Combat
  3251 | Temple   | Entered the Ecumenical Temple
  3294 | Temple   | Became a worshipper of Makhleb the Destroyer
  3294 | Temple   | Reached * piety under Makhleb
  3294 | Temple   | Reached ** piety under Makhleb
  3694 | D:5      | Entered Level 5 of the Dungeon
  3694 | D:5      | Noticed Duvessa
  3694 | D:5      | Noticed Dowan
  3702 | D:5      | Killed Duvessa
  3831 | D:5      | Killed Dowan
  3832 | D:5      | Reached skill level 9 in Unarmed Combat
  3838 | D:5      | Found Fanaavvu's Antique Armour Boutique.
  3938 | D:5      | Found a blossoming altar of Fedhas.
  3996 | D:5      | Slain by an ogre

Illustrated notes

Levels and vault maps discovered:
D:1:      shiori_arrival_whats_in_store_for_you, layout_loops_ring
D:2:      layout_rooms
D:3:      layout_basic, grunt_temple_overflow_open, kennysheep_generic_room_16,
          uniq_terence, uniq_jessica
D:4:      layout_rooms, kennysheep_mini_moat, minmay_temple_entry_mist,
          serial_curves, eino_curves_03, eino_curves_04
D:5:      layout_basic, nicolae_overflow_crystal_walls, serial_shops,
          nicolae_shop_temple_entry_statues_fountains, uniq_duvessa
Temple:   regret_index_temple_sphere_string

Skill      XL: |  1  2  3  4  5  6  7 |
---------------+----------------------+-----
Unarmed Combat | 4 5 6 7 9 |  9.4
Shields        | 1 2 |  2.2
Fighting       | |  3.2
Dodging        | |  2.6
Stealth        | |  2.1

Action                   |  1- 3 |  4- 6 |  7- 9 || total
-------------------------+-------+-------+-------++-------
Melee: Unarmed           |   102 |   149 |    47 ||   298
       Punch             |     1 |     4 |     2 ||     7
 Stab: Sleeping          |     2 |     1 |       ||     3
Armor: Robe              |     5 |       |       ||     5
       Leather armour    |    15 |    12 |       ||    27
       Scale mail        |       |    37 |    15 ||    52
Dodge: Dodged            |    58 |   103 |    19 ||   180

Table legend: (Time is in decaauts)
 A = Elapsed time spent in this place.
 B = Non-inter-level travel time spent in this place.
 C = Inter-level travel time spent in this place.
 D = Time resting spent in this place.
 E = Time spent auto-exploring this place.
 F = Levels seen in this place.
 G = Mean time per level.
                   A        B        C        D        E       F      G
               +--------+--------+--------+--------+--------+-----+--------+
         Total |   3968 |   3882 |     86 |    446 |   2676 |   6 |  661.3 |
       Dungeon |   3809 |   3741 |     68 |    446 |   2544 |   5 |  761.8 |
        Temple |    158 |    140 |     18 |      0 |    132 |   1 |  158.0 |
               +--------+--------+--------+--------+--------+-----+--------+

Top non-repeatable levels by time:
     D:3: 1370 daAuts
     D:1: 869 daAuts
     D:2: 847 daAuts
     D:4: 546 daAuts
     D:5: 176 daAuts
  Temple: 158 daAuts
